 Dungeon Sprint DCSS version 0.30-a0-310-g7d6cbdfea6 (webtiles) character file.

Game seed: 4296327008376237804

10525 garrulousMonolith the Ninja (level 11, 0/47 HPs)
             Began as a Spriggan Enchanter on Oct 24, 2022.
             Was an Initiate of Gozag.
             Killed from afar by a deep elf annihilator (24 damage)
             ... with a poison arrow
             ... in the Dungeon (Sprint I: "Red Sonja") on Oct 25, 2022.
             The game lasted 00:15:33 (2116 turns).

garrulousMonolith the Ninja (Spriggan Enchanter)    Turns: 2116, Time: 00:15:34

Health: 0/47       AC:  6    Str:  4    XL:     11   Next: 37%
Magic:  23/28      EV: 24    Int: 28    God:    Gozag
Gold:   1311       SH:  9    Dex: 15    Spells: 24/35 levels left

rFire   + . .      SeeInvis +    f - +1 dagger (venom)
rCold   . . .      Faith    .    e - +3 buckler {reflect}
rNeg    + . .      Spirit   .    p - +2 robe {rN+}
rPois   .          Reflect  +    n - +2 hat of the Mind {rCorr}
rElec   .          Harm     .    (no cloak)
rCorr   +          Rampage  .    (gloves unavailable)
Will    +....      NoTele   +    (boots unavailable)
Stlth   +++++++++.               j - amulet of the acrobat
HPRegen 0.27/turn                a - ring of Ryssipi {rF+ rCorr Int+6}
MPRegen 0.21/turn                (no ring)

@: lethally poisoned (0 -> -19), confusing by touch, gold aura, very quick
A: very small, no large weapons, unfitting armour, see invisible, speed 3
a: Renounce Religion, Potion Petition, Call Merchant, Bribe Branch


You were in the Dungeon.
You worshipped Gozag.
Gozag was most pleased with you.
You visited 1 branch You collected 5755 gold pieces.
You spent 2687 gold pieces at shops.
You paid 1757 gold pieces to Gozag.

Inventory:

Hand Weapons
 f - a +1 dagger of venom (weapon)
 m - a +0 antimagic rapier
 o - a +0 sling
Missiles
 k - 3 curare-tipped darts (quivered)
Armour
 e - a +3 buckler of reflection (worn)
 i - the +1 cloak of Starlight {*Dazzle EV+4 Stlth--}
   (You bought it in a shop in the Dungeon)

   It may blind those who miss an attack against the wearer in melee combat.
   EV:        It affects your evasion (+4).
   Stlth:     It makes you much less stealthy.
 n - the +2 hat of the Mind (worn) {rCorr}
   (You bought it in a shop in the Dungeon)

   rCorr:     It protects you from acid and corrosion.
 p - a +2 robe of positive energy (worn)
Jewellery
 a - the ring of Ryssipi (left hand) {rF+ rCorr Int+6}
   (You bought it in a shop in the Dungeon)

   [ring of intelligence]

   Int:       It affects your intelligence (+6).
   rF:        It protects you from fire.
   rCorr:     It protects you from acid and corrosion.
 j - an amulet of the acrobat (around neck)
Wands
 h - a wand of paralysis (9)
Scrolls
 r - 2 scrolls of identify
Potions
 b - a potion of mutation {unknown}
 d - 2 potions of curing
 g - a potion of magic
 l - a potion of flight {unknown}
Miscellaneous
 c - a phial of floods


   Skills:
 - Level 10.0 Short Blades
 + Level 13.8 Dodging
 O Level 27 Stealth
 + Level 1.6 Shields
 + Level 12.8 Spellcasting
 - Level 5.0 Conjurations
 + Level 14.2 Hexes


You had 24 spell levels left.
You knew the following spells:

 Your Spells              Type           Power      Damage    Failure   Level
a - Ensorcelled Hibernat  Hex/Ice        100%       N/A       1%          2
b - Confusing Touch       Hex            78%        N/A       1%          3
c - Dazzling Flash        Conj/Hex       100%       N/A       1%          3
d - Tukima's Dance        Hex            78%        N/A       1%          3

Your spell library contained the following spells:

 Spells                   Type           Power      Damage    Failure   Level
 Apportation              Tloc           34%        N/A       6%          1
 Necrotise                Necr           68%        1d7       6%          1
 Summon Small Mammal      Summ           68%        N/A       6%          1


Dungeon Overview and Level Annotations

Branches:
Dungeon (1/1)

Altars:
Cheibriados
Dithmenos
Elyvilon
Fedhas
Gozag
Hepliaklqana
Kikubaaqudgha
Makhleb
Nemelex Xobeh
Okawaru
Qazlal
Ru
Sif Muna
Trog
Uskayaw
Vehumet
Wu Jian
Xom
Yredelemnul
Zin
The Shining One
Jiyva
Lugonu

Shops:
D =[[*[((=[[([***:*[(

Annotations:
D exclusion: 5 doors


Innate Abilities, Weirdness & Mutations

You are very small and have problems with some larger weapons.
You are too small for most types of armour.
You have supernaturally acute eyesight. (SInv)
You cover ground extremely quickly. (Speed+++)


Message History

The merfolk siren is engulfed in a cloud of scalding steam.
The merfolk siren dies!
The deep elf annihilator gestures at you while chanting.
The bolt of lightning hits you!!
Ouch! That really hurt!
The bolt of lightning misses you.
There is an open door here.
Things that are here:
63 gold pieces; a +0 trident You feel better.
You feel better.
You start resting.
A deep elf annihilator is nearby!
Casting: Confusing Touch (safe; 1% risk of failure)
Confirm with . or Enter, or press ? or * to list all spells.
You feel a surge of power!
Your hands begin to glow red.
You feel a little less clever now.
The deep elf annihilator is engulfed in a cloud of scalding steam.
The deep elf annihilator is engulfed in a cloud of scalding steam.
The deep elf annihilator barely misses you.
You closely miss the deep elf annihilator.
The deep elf annihilator is moderately wounded.
The deep elf annihilator is engulfed in a cloud of scalding steam.
The deep elf annihilator hits you with a +0 short sword!
You barely miss the deep elf annihilator.
The deep elf annihilator is heavily wounded.
You closely miss the deep elf annihilator.
The deep elf annihilator is heavily wounded.
The deep elf annihilator hits you but does no damage.
You hit the deep elf annihilator but do no damage.
The deep elf annihilator is heavily wounded.
You barely miss the deep elf annihilator.
The deep elf annihilator is heavily wounded.
The deep elf annihilator is engulfed in a cloud of scalding steam.
The deep elf annihilator casts a spell at you.
The poison arrow hits you!!
You are poisoned.
Ouch! That really hurt!
You die...
Your body crumbles into a pile of gold. ##################### §§'§§....§.m#§§§§§§§# $$$$$$ ###.§§§§##..'..#e§§.## $$$$$$ ##.§§#######'#@§§§§# $$$$ $###+# #..#§§§§.#$$$ $$$$ $ $$$#e.##§§§.# $$$$ $ $#..≈###+##$$$ $$$$ $$$ $#..≈4)# $$$$

$#.$≈§##
$$$
$#..≈##
$$ #..≈#
$$ $$
y.y## $


You could see a deep elf annihilator.

Vanquished Creatures
  A hydra (D)
  2 centaur warriors (D)
  Sonja (D)
  A deep troll (D)
  A lindwurm (D)
  An oklob plant (D)
  A merfolk siren (D)
  A gargoyle (D)
  2 unseen horrors (D)
  2 kobold demonologists (D)
  A hellwing (D)
  4 demonic crawlers (D)
  2 hornets (D)
  A slime creature (D)
  Sigmund (D)
  A yak (D)
  13 hogs (D)
  2 redbacks (D)
  3 floating eyes (D)
  An ogre (D)
  7 necrophages (D)
  8 jellies (D)
  Ijyb (D)
  A ballistomycete spore (D)
59 creatures vanquished.

Vanquished Creatures (others)
  A merfolk siren (D)
  A ballistomycete spore (D)
2 creatures vanquished.

Grand Total: 61 creatures vanquished

Notes
Turn   | Place    | Note
-------+----------+-------------------------------------------
     0 | D        | garrulousMonolith the Spriggan Enchanter began the quest
                  | for the Orb.
     0 | D        | Reached XP level 1. HP: 9/9 MP: 5/5
     2 | D        | Noticed Ijyb
     4 | D        | Paralysed by Ijyb for 2 turns
    12 | D        | Killed Ijyb
    13 | D        | Reached skill level 10 in Stealth
    13 | D        | Reached XP level 2. HP: 10/13 MP: 6/6
    47 | D        | Noticed an ogre
    49 | D        | Killed an ogre
    50 | D        | Reached skill level 14 in Stealth
    50 | D        | Reached XP level 3. HP: 16/16 MP: 8/8
    50 | D        | Reached XP level 4. HP: 21/21 MP: 9/9
    53 | D        | Learned a level 2 spell: Ensorcelled Hibernation
    57 | D        | Learned a level 3 spell: Confusing Touch
    61 | D        | Learned a level 3 spell: Dazzling Flash
    71 | D        | Noticed Sigmund
    73 | D        | Killed Sigmund
    74 | D        | Reached skill level 18 in Stealth
    74 | D        | Reached XP level 5. HP: 24/24 MP: 10/10
    85 | D        | Found a shimmering blue altar of Sif Muna.
    86 | D        | Found an ornate altar of the Wu Jian Council.
    87 | D        | Found a radiant altar of Vehumet.
    92 | D        | Reached skill level 19 in Stealth
    92 | D        | Reached XP level 6. HP: 28/28 MP: 11/11
    94 | D        | Found Nem Yla's Antique Armour Emporium.
    94 | D        | Found an ancient bone altar of Kikubaaqudgha.
    94 | D        | Found a hazy altar of Hepliaklqana.
    94 | D        | Found a stormy altar of Qazlal.
    94 | D        | Found a hide-covered altar of Uskayaw.
    94 | D        | Found a blossoming altar of Fedhas.
    94 | D        | Found a bloodstained altar of Trog.
    94 | D        | Found an iron altar of Okawaru.
    94 | D        | Found a basalt altar of Yredelemnul.
    94 | D        | Found a glowing golden altar of the Shining One.
    94 | D        | Found a snail-covered altar of Cheibriados.
    94 | D        | Found a sacrificial altar of Ru.
    94 | D        | Found a glowing silver altar of Zin.
    94 | D        | Found a shadowy altar of Dithmenos.
    94 | D        | Found a white marble altar of Elyvilon.
    94 | D        | Noticed a yak
    95 | D        | Found an opulent altar of Gozag.
    96 | D        | Killed a yak
    97 | D        | Reached skill level 21 in Stealth
    97 | D        | Found a sparkling altar of Nemelex Xobeh.
   135 | D        | Became a worshipper of Gozag Ym Sagoz the Greedy
   146 | D        | Found a burning altar of Makhleb.
   146 | D        | Found a viscous altar of Jiyva.
   146 | D        | Found a shimmering altar of Xom.
   146 | D        | Found a corrupted altar of Lugonu.
   146 | D        | Noticed a slime creature
   149 | D        | Killed a slime creature
   150 | D        | Reached skill level 23 in Stealth
   150 | D        | Reached XP level 7. HP: 32/32 MP: 12/12
   180 | D        | Noticed Sonja
   184 | D        | Killed Sonja
   185 | D        | Reached skill level 26 in Stealth
   185 | D        | Reached XP level 8. HP: 36/36 MP: 10/13
   213 | D        | Found Xuosch's Jewellery Boutique.
   233 | D        | Noticed a deep troll
   237 | D        | Killed a deep troll
   238 | D        | Reached skill level 27 in Stealth
   238 | D        | Reached skill level 5 in Short Blades
   248 | D        | Found Ripluis's Armour Emporium.
   255 | D        | Bought the +2 hat of the Mind {rCorr} for 372 gold pieces
   630 | D        | Noticed a kobold demonologist
   631 | D        | Noticed a kobold demonologist
   635 | D        | Killed a kobold demonologist
   636 | D        | Reached XP level 9. HP: 39/39 MP: 14/14
   637 | D        | Killed a kobold demonologist
   638 | D        | Reached skill level 10 in Short Blades
   697 | D        | Bought a +2 robe of positive energy for 205 gold pieces
   717 | D        | Noticed a centaur warrior
   717 | D        | Noticed a centaur warrior
   720 | D        | Killed a centaur warrior
   722 | D        | Killed a centaur warrior
   723 | D        | Reached skill level 5 in Spellcasting
   735 | D        | Noticed an oklob plant
   737 | D        | Killed an oklob plant
   738 | D        | Reached XP level 10. HP: 44/44 MP: 15/21
   754 | D        | Learned a level 3 spell: Tukima's Dance
   769 | D        | Reached skill level 10 in Hexes
  1039 | D        | Found Fielink's Armour Shoppe.
  1079 | D        | Found Fopeel's Antique Weapon Boutique.
  1083 | D        | Found Sunkacry's Antique Armour Shop.
  1112 | D        | Found Vizuk's Jewellery Emporium.
  1112 | D        | Found Lupouw's Antique Armour Shop.
  1112 | D        | Found Neoqadaorch's Antique Armour Shoppe.
  1112 | D        | Found Nauqakyi's Weapon Boutique.
  1112 | D        | Found Dul Jiu's Armour Emporium.
  1112 | D        | Found Seism's General Store.
  1112 | D        | Found Nescho's General Store.
  1115 | D        | Found Huer's General Store.
  1116 | D        | Found Kaga Jee's Assorted Antiques.
  1116 | D        | Found Poept's Book Boutique.
  1117 | D        | Found Heog's Antique Weapon Emporium.
  1119 | D        | Bought a +1 dagger of venom for 103 gold pieces
  1246 | D        | Bought the ring of Ryssipi {rF+ rCorr Int+6} for 556 gold
                  | pieces
  1246 | D        | Bought an amulet of the acrobat for 300 gold pieces
  1336 | D        | Noticed a gargoyle
  1356 | D        | Reached skill level 5 in Conjurations
  1378 | D        | Killed a gargoyle
  1494 | D        | Reached skill level 10 in Dodging
  1517 | D        | Noticed a lindwurm
  1519 | D        | Killed a lindwurm
  1534 | D        | Reached skill level 10 in Spellcasting
  1540 | D        | Reached XP level 11. HP: 47/47 MP: 17/26
  1645 | D        | Noticed a 12-headed hydra
  1647 | D        | Killed a 12-headed hydra
  1779 | D        | Bought a +2 buckler of reflection for 259 gold pieces
  1785 | D        | Bought the +1 cloak of Starlight {*Dazzle EV+4 Stlth--} for
                  | 335 gold pieces
  1785 | D        | Found the +1 cloak of Starlight {*Dazzle EV+4 Stlth--}
  1804 | D        | Bought a glowing rapier for 161 gold pieces
  1804 | D        | Bought a glowing dagger for 115 gold pieces
  1937 | D        | Bought a book of Cantrips for 132 gold pieces
  1938 | D        | Bought a scroll of enchant armour for 97 gold pieces
  1938 | D        | Bought a scroll of identify for 26 gold pieces
  1938 | D        | Bought a scroll of identify for 26 gold pieces
  2013 | D        | Noticed a deep elf annihilator
  2017 | D        | Noticed a mummy priest
  2064 | D        | Reached skill level 1 in Shields
  2116 | D        | Killed from afar by a deep elf annihilator

Illustrated notes

Levels and vault maps discovered:
D:        dungeon_sprint_1 [red_sonja_temple_1, red_sonja_temple_small_1]

Skill      XL: |  1  2  3  4  5  6  7  8  9 10 11 |
---------------+----------------------------------+-----
Stealth        | 10 14 18 19 23 26 27 | 27.0
Short Blades   | 8 10 | 10.0
Spellcasting   | 6 10 12 | 12.8
Hexes          | 9 14 | 14.2
Dodging        | 7 11 13 | 13.8
Conjurations   | 3 5 |  5.0
Shields        | 1 |  1.6

Action                   |  1- 3 |  4- 6 |  7- 9 | 10-12 || total
-------------------------+-------+-------+-------+-------++-------
Melee: Dagger            |     8 |     4 |    11 |   127 ||   150
       Punch             |       |       |       |     1 ||     1
Throw: Dart              |       |       |     2 |       ||     2
 Cast: Ensorcelled Hiber |       |       |     1 |    23 ||    24
       Confusing Touch   |       |       |       |    14 ||    14
       Dazzling Flash    |       |       |       |     6 ||     6
Invok: Call Merchant     |       |       |       |     2 ||     2
       Potion Petition   |       |       |       |     1 ||     1
  Use: Potion            |     1 |       |     3 |     4 ||     8
       Scroll            |       |       |       |     4 ||     4
 Stab: Sleeping          |     1 |     4 |     9 |    31 ||    45
       Confused          |       |       |       |    10 ||    10
       Invisible         |       |       |       |     3 ||     3
Armor: Robe              |       |       |       |     9 ||     9
Dodge: Dodged            |     2 |       |       |    88 ||    90
Block: Buckler           |       |       |       |     6 ||     6

Table legend: (Time is in decaauts)
 A = Elapsed time spent in this place.
 B = Non-inter-level travel time spent in this place.
 C = Inter-level travel time spent in this place.
 D = Time resting spent in this place.
 E = Time spent auto-exploring this place.
 F = Levels seen in this place.
 G = Mean time per level.
                   A        B        C        D        E       F      G
               +--------+--------+--------+--------+--------+-----+--------+
         Total |   1656 |   1580 |     76 |    694 |      0 |   1 | 1656.0 |
       Dungeon |   1656 |   1580 |     76 |    694 |      0 |   1 | 1656.0 |
               +--------+--------+--------+--------+--------+-----+--------+

Top non-repeatable levels by time:
       D: 1656 daAuts
